 Dungeon Crawl Stone Soup version 0.29.1-12-g30fa7ad0bf (webtiles) character file.

Game seed: 4583438259380670024

17909 wormed the Severer (level 12, -9/64 HPs)
             Began as a Vine Stalker Berserker on Dec 28, 2022.
             Was a High Priest of Trog.
             Mangled by a cane toad (17 damage)
             ... on level 3 of the Lair of Beasts.
             The game lasted 00:23:01 (9834 turns).

wormed the Severer (Vine Stalker Berserker)         Turns: 9834, Time: 00:23:01

Health: -9/64      AC: 22    Str: 25    XL:     12   Next: 52%
Magic:  0/13       EV:  6    Int:  7    God:    Trog [*****.]
Gold:   747        SH: 11    Dex: 14    Spells: 11/11 levels left

rFire   + . .      SeeInvis .   z - +7 hand axe of Megalomania {protect, rC+}
rCold   + + .      Faith    .   J - +1 kite shield {AC+3}
rNeg    . . .      Spirit   +   w - +0 plate armour
rPois   .          Reflect  .   l - +0 helmet
rElec   .          Harm     .   o - scarf {rC+ rF+}
rCorr   .          Rampage  .   G - +2 pair of gloves
Will    ++...                   (no boots)
Stlth   ..........              j - amulet of regeneration
HPRegen 1.80/turn               K - ring of willpower
MPRegen 0.13/turn               N - +4 ring of protection

@: no status effects
A: fangs 3, regeneration 1, magic shield, antimagic bite, no potion heal 2
a: Renounce Religion, Berserk, Trog's Hand, Brothers in Arms


You were on level 3 of the Lair of Beasts.
You worshipped Trog.
Trog was extremely pleased with you.
You visited 2 branches of the dungeon, and saw 13 of its levels.
You also visited: Ossuary.

You collected 747 gold pieces.

Inventory:

Hand Weapons
 u - a +1 hand axe of flaming
 z - the +7 hand axe of Megalomania (weapon) {protect, rC+}
   (You found it on level 4 of the Dungeon)

   It grants its wielder temporary protection when it strikes (+7 to AC).
   rC:        It protects you from cold.
Missiles
 t - 10 poisoned darts (quivered)
 y - a throwing net
Armour
 d - a scarf of repulsion
 l - a +0 helmet (worn)
 o - a scarf of resistance (worn)
 w - a +0 plate armour (worn)
 G - a +2 pair of gloves (worn)
 J - a +1 kite shield of protection (worn)
Jewellery
 j - an amulet of regeneration (around neck)
 K - a ring of willpower (left hand)
 N - a +4 ring of protection (right hand)
 S - a ring of willpower
Wands
 I - a wand of mindburst (19)
 M - a wand of charming (11)
 O - a wand of flame (19)
 P - a wand of acid (11)
 T - a wand of polymorph (9)
 U - a wand of iceblast (4)
Scrolls
 c - 3 scrolls of blinking {unknown}
 f - 2 scrolls of poison {unknown}
 h - 4 scrolls of fog {unknown}
 n - 4 scrolls of magic mapping {unknown}
 r - a scroll of identify
 s - 4 scrolls of vulnerability {unknown}
 x - 2 scrolls of enchant weapon {unknown}
 A - 2 scrolls of torment {unknown}
 B - a scroll of acquirement
 D - 3 scrolls of fear {unknown}
 F - 10 scrolls of teleportation {unknown}
 L - a scroll of amnesia
 Q - a scroll of immolation
Potions
 a - 3 potions of mutation
 b - 3 potions of might
 e - 2 potions of ambrosia
 g - 5 potions of haste
 i - 5 potions of degeneration
 k - 10 potions of curing
 m - 4 potions of flight
 p - 6 potions of attraction
 q - 3 potions of lignification
 v - 9 potions of heal wounds
 C - 3 potions of brilliance
 E - 2 potions of invisibility
 H - 3 potions of cancellation
 R - a potion of resistance


   Skills:
 - Level 8.0 Fighting
 * Level 15.1 Axes
 - Level 2.0 Armour
 - Level 2.0 Dodging
 - Level 8.0 Shields


You had 11 spell levels left.
You didn't know any spells.
Your spell library was empty.

Dungeon Overview and Level Annotations

Branches:
Dungeon (9/15)             Temple (0/1) D:5            Lair (4/5) D:8
 Shoals (0/4) Lair:3       Spider (0/4) Lair:3      Ossuary (visited)
  Slime: Lair:4-5       Orc: D:9-12

Altars:
Ashenzari
Cheibriados
Gozag
Hepliaklqana
Kikubaaqudgha
Qazlal
Sif Muna

Shops:
D:4 =

Annotations:
Lair:3 exclusion: oklob plant


Innate Abilities, Weirdness & Mutations

You have razor-sharp teeth.
Your natural rate of healing is unusually fast.
When hurt, damage is shared between your health and your magic reserves.
Your bite disrupts and absorbs the magic of your enemies.
Potions cannot restore your health.


Message History

The cane toad stings you! The cane toad stings you.
You block the polar bear's attack. The polar bear claws you.
The polar bear claws you but does no damage.
You block the komodo dragon's attack. The komodo dragon bites you!!
* * * LOW HITPOINT WARNING * * *
You feel sick. The cane toad stings you.
* * * LOW HITPOINT WARNING * * *
You block the cane toad's attack.
The polar bear attacks as you move away!
The polar bear bites you.
* * * LOW HITPOINT WARNING * * *
You block the polar bear's attack. x2; You feel sick.
You block the cane toad's attack.
You feel sick. You block the komodo dragon's attack.
The cane toad barely misses you.
The komodo dragon attacks as you move away!
The komodo dragon bites you!
* * * LOW HITPOINT WARNING * * *
The cane toad attacks as you move away!
The cane toad stings you but does no damage.
You feel sick.
You feel sick. The cane toad attacks as you move away!
You block the cane toad's attack.
You feel sick.
You feel sick. The cane toad attacks as you move away!
The cane toad stings you!
* * * LOW HITPOINT WARNING * * *
You feel sick. You block the cane toad's attack.
The cane toad attacks as you move away!
The cane toad stings you but does no damage.
You feel sick.
You are no longer poisoned.
The cane toad attacks as you move away! You block the cane toad's attack.
The komodo dragon attacks as you move away!
You block the komodo dragon's attack. The cane toad attacks as you move away!
The cane toad stings you but does no damage.
The komodo dragon hisses menacingly.
The cane toad attacks as you move away! The cane toad stings you!!
You die...

####### ####.#P#..
####.........
###......>.....
##l.......†.....
######.h...#.P###.#..
#....l...###### #####
#...@FF### # #.#...##
####### # # #


You could see a polar bear, 2 komodo dragons and 2 cane toads.

Vanquished Creatures
  A boulder beetle (Lair:2)
  Erica (Lair:1)
  5 hydras
  An elephant (D:8)
  A black mamba (Lair:3)
  A rime drake (Lair:3)
  6 cane toads
  A kobold demonologist (D:9)
  3 polar bears
  Sigmund (D:6)
  3 wyverns
  13 yaks
  A spriggan (Lair:2)
  Eustachio (D:6)
  3 steam dragons (D:9)
  Menkaure (D:4)
  An acid dragon (D:9)
  8 water moccasins
  An orc warrior (D:8)
  7 black bears
  A hornet zombie (Ossuary)
  2 ice beasts
  4 sky beasts
  2 centaurs
  An ogre (D:5)
  8 wolves
  A phantom (D:5)
  9 bullfrogs
  Blork the orc (D:6)
  A necrophage (D:4)
  2 gnoll sergeants
  4 wyvern zombies (Ossuary)
  4 scorpions
  2 water moccasin zombies (Ossuary)
  5 wights (D:7)
  10 killer bees
  6 howler monkeys
  An electric eel (Lair:3)
  3 bullfrog zombies (Ossuary)
  6 centaur zombies (Ossuary)
  2 hounds
  2 orc priests
  A jelly (D:6)
  2 gnoll boudas
  5 iguanas
  4 orc wizards
  A killer bee zombie (Ossuary)
  16 mummies (Ossuary)
  A howler monkey zombie (Ossuary)
  Robin (D:3)
  13 gnolls
  6 adders
  A shadow imp (D:6)
  2 white imps (D:5)
  2 ufetubi (D:5)
  4 worms
  A dart slug (D:3)
  30 orcs
  6 bats
  7 endoplasms
  2 giant cockroaches (D:3)
  15 goblins
  8 hobgoblins
  4 jackals
  5 kobolds
  A quokka (D:1)
  7 ball pythons
  4 frilled lizards
286 creatures vanquished.

Vanquished Creatures (others)
  5 fungi
  6 plants
  2 withered plants (Ossuary)
13 creatures vanquished.

Grand Total: 299 creatures vanquished

Notes
Turn   | Place    | Note
-------+----------+-------------------------------------------
     0 | D:1      | wormed the Vine Stalker Berserker began the quest for the
                  | Orb.
     0 | D:1      | Reached XP level 1. HP: 11/11 MP: 2/2
    66 | D:1      | Found a faded altar of an unknown god.
   461 | D:1      | Reached XP level 2. HP: 14/16 MP: 3/3
   599 | D:1      | Reached skill level 3 in Axes
  1369 | D:2      | Reached XP level 3. HP: 19/19 MP: 4/4
  1869 | D:3      | Noticed Robin
  2019 | D:3      | Reached ** piety under Trog
  2054 | D:3      | Gained mutation: Your natural rate of healing is unusually
                  | fast. [Vine Stalker growth]
  2054 | D:3      | Reached XP level 4. HP: 15/24 MP: 3/5
  2112 | D:3      | Reached skill level 4 in Axes
  2375 | D:3      | Reached XP level 5. HP: 28/28 MP: 6/6
  2391 | D:3      | Killed Robin
  2565 | D:4      | Found Pehurol's Jewellery Boutique.
  2591 | D:4      | Reached *** piety under Trog
  2636 | D:4      | Reached XP level 6. HP: 23/33 MP: 2/7
  2641 | D:4      | Reached skill level 5 in Axes
  2730 | D:4      | Identified the +7 hand axe of Megalomania {protect, rC+}
  2975 | D:4      | Noticed Menkaure
  2979 | D:4      | Killed Menkaure
  2980 | D:4      | Reached XP level 7. HP: 38/38 MP: 8/8
  3179 | D:5      | Entered Level 5 of the Dungeon
  3199 | D:5      | Reached skill level 6 in Axes
  3378 | D:5      | Reached skill level 5 in Fighting
  3415 | D:5      | Reached skill level 7 in Axes
  3415 | D:5      | Gained mutation: You have razor-sharp teeth. [Vine Stalker
                  | growth]
  3415 | D:5      | Reached XP level 8. HP: 38/43 MP: 7/9
  3459 | D:5      | Found a staircase to the Ecumenical Temple.
  3524 | D:5      | Reached **** piety under Trog
  4090 | D:6      | Reached skill level 8 in Axes
  4103 | D:6      | Noticed Blork the orc
  4120 | D:6      | Killed Blork the orc
  4154 | D:6      | Found an ancient bone altar of Kikubaaqudgha.
  4214 | D:6      | Noticed Sigmund
  4216 | D:6      | Reached XP level 9. HP: 49/49 MP: 10/10
  4228 | D:6      | Killed Sigmund
  4229 | D:6      | Reached skill level 9 in Axes
  4244 | D:6      | Found an opulent altar of Gozag.
  4339 | D:6      | Noticed Eustachio
  4350 | D:6      | Killed Eustachio
  4932 | D:7      | Reached skill level 10 in Axes
  4943 | D:7      | Found a broken altar of Ashenzari.
  5429 | D:8      | Noticed an elephant
  5430 | D:8      | Found a staircase to the Lair.
  5459 | D:7      | Reached XP level 10. HP: 42/56 MP: 9/11
  5631 | D:8      | Reached ***** piety under Trog
  5632 | D:8      | Reached skill level 11 in Axes
  5674 | D:8      | Found a snail-covered altar of Cheibriados.
  5680 | D:8      | Found a shimmering blue altar of Sif Muna.
  5733 | D:8      | Killed an elephant
  5882 | D:8      | Found a sand-covered staircase.
  5887 | Ossuary  | Entered an ossuary
  5983 | Ossuary  | Reached skill level 12 in Axes
  6140 | Ossuary  | Reached skill level 1 in Shields
  6490 | Lair:1   | Entered Level 1 of the Lair of Beasts
  6494 | Lair:1   | Noticed Erica
  6750 | D:9      | Received a gift from Trog
  6783 | D:9      | Reached XP level 11. HP: 60/60 MP: 12/12
  6797 | D:9      | Reached skill level 5 in Shields
  7022 | D:9      | Found a hazy altar of Hepliaklqana.
  7027 | D:9      | Found a stormy altar of Qazlal.
  7503 | Lair:1   | Killed Erica
  7652 | Lair:1   | Noticed a seven-headed hydra
  7664 | Lair:1   | Killed a three-headed hydra
  7875 | Lair:1   | Noticed a seven-headed hydra
  7885 | Lair:1   | Killed a two-headed hydra
  8294 | Lair:2   | Noticed a boulder beetle
  8343 | Lair:2   | Killed a boulder beetle
  8344 | Lair:2   | Reached skill level 13 in Axes
  8402 | Lair:2   | Noticed a six-headed hydra
  8414 | Lair:2   | Killed a two-headed hydra
  8528 | Lair:2   | Reached XP level 12. HP: 23/64 MP: 7/13
  8577 | Lair:2   | Identified a scroll of acquirement
  8983 | Lair:3   | Reached skill level 14 in Axes
  9092 | Lair:3   | Found a staircase to the Shoals.
  9093 | Lair:3   | Found a hole to the Spider Nest.
  9140 | Lair:3   | Received a gift from Trog
  9171 | Lair:3   | Noticed a six-headed hydra
  9181 | Lair:3   | Killed a two-headed hydra
  9693 | Lair:4   | Noticed a seven-headed hydra
  9698 | Lair:4   | Noticed a boulder beetle
  9707 | Lair:3   | Killed a four-headed hydra
  9708 | Lair:3   | Reached skill level 15 in Axes
  9830 | Lair:3   | HP: 3/64 [cane toad (6)]
  9834 | Lair:3   | Mangled by a cane toad

Illustrated notes

Levels and vault maps discovered:
D:1:      dpeg_arrival_long_road, layout_loops_corners,
          ebering_ecumenical_altar_mist
D:2:      layout_loops_cross, grunt_decor_resistance
D:3:      layout_rooms, uniq_robin
D:4:      layout_loops_cross, serial_shops, shop, uniq_menkaure
D:5:      layout_loops_cross, minmay_temple_entry_statues_fountains,
          minivault_5, minivault_23, minmay_starry_boxes
D:6:      layout_basic, grunt_gozag_statues, lemuel_tele_altar,
          uniq_blork_the_orc, uniq_sigmund, uniq_eustachio
D:7:      layout_basic, ashenzari_altar_1
D:8:      layout_cave_pods, grunt_temple_overflow_open, david_lair_generic,
          nicolae_ossuary_entry_monument
D:9:      layout_loops_ring, mainiacjoe_overflow_big_doors, hangedman_misty_isle
Lair:1:   layout_misc_corridors, infiniplex_staircase_pool, uniq_erica
Lair:2:   layout_regular_city, grunt_forest_large_clearing_hut
Lair:3:   layout_layer_cave, elwin_shoals_entry_rocks, dummy_spider_entry,
          serial_bayou_shore_a
Lair:4:   layout_misc_corridors, nicolae_slime_entry_slimehenge,
          nzn_ghost_randoct

Skill      XL: |  1  2  3  4  5  6  7  8  9 10 11 12 |
---------------+-------------------------------------+-----
Axes           | 3 4 5 7 8 10 12 13 15 | 15.1
Armour         | 2 |  2.0
Fighting       | 3 4 5 6 7 8 |  8.0
Dodging        | 2 |  2.0
Shields        | 4 8 |  8.0

Action                   |  1- 3 |  4- 6 |  7- 9 | 10-12 || total
-------------------------+-------+-------+-------+-------++-------
Melee: Hand axe          |    73 |   132 |   188 |   566 ||   959
       Bite              |    18 |    30 |    60 |   203 ||   311
       Punch             |     1 |     3 |       |     5 ||     9
Throw: Dart              |       |       |       |     7 ||     7
  Use: Scroll            |       |       |     1 |    16 ||    17
 Stab: Sleeping          |     1 |       |       |       ||     1
Armor: Animal skin       |     6 |       |       |       ||     6
       Scale mail        |    21 |    20 |       |       ||    41
       Leather armour    |     5 |       |       |       ||     5
       Plate armour      |       |    55 |   133 |   361 ||   549
Dodge: Dodged            |    48 |    50 |    60 |   141 ||   299
Block: Kite shield       |       |       |       |   178 ||   178
